 Dungeon Crawl Stone Soup version 0.20.1-1-g8b1a95d (webtiles) character file.

462 valak24 the Slasher (level 6, -3/55 HPs)
             Began as a Draconian Berserker on July 19, 2017.
             Was a Priest of Trog.
             Slain by a killer bee (8 damage)
             ... on level 4 of the Dungeon.
             The game lasted 00:05:46 (2739 turns).

valak24 the Slasher (Draconian Berserker)           Turns: 2739, Time: 00:05:46

Health: -3/55      AC:  6    Str: 22    XL:     6   Next: 79%
Magic:  6/6        EV: 13    Int:  7    God:    Trog [***...]
Gold:   230        SH:  0    Dex: 10    Spells: 5/5 levels left

rFire    . . .     SeeInvis .   a - +1 falchion
rCold    . . .     Gourm    .   (no shield)
rNeg     . . .     Faith    .   (armour unavailable)
rPois    +         Spirit   .   (helmet restricted)
rElec    .         Reflect  .   (no cloak)
rCorr    .         Harm     .   (no gloves)
MR       ++...                  (no boots)
Stlth    +.........             (no amulet)
Regen    1.2/turn               (no ring)
MPRegen  0.1/turn               (no ring)

@: lethally poisoned (-3 -> -3), regenerating
A: unfitting armour, stinger 1, blink, poison resistance, cold-blooded, AC +6
a: Blink, Berserk, Trog's Hand, Burn Spellbooks, Renounce Religion


You were on level 4 of the Dungeon.
You worshipped Trog.
Trog was most pleased with you.
You were not hungry.

You visited 1 branch of the dungeon, and saw 4 of its levels.

You collected 230 gold pieces.

Inventory:

Hand Weapons
 a - a +1 falchion (weapon)
Armour
 i - a +0 cloak
Wands
 d - a wand of paralysis (13/24)
Scrolls
 c - 2 scrolls of remove curse
 e - 2 scrolls of identify
 g - a scroll of enchant armour
 h - a scroll of recharging
Comestibles
 b - a bread ration
 f - 4 royal jellies
 k - a meat ration


   Skills:
 * Level 4.8 Fighting
 * Level 6.1 Long Blades
 * Level 3.9 Dodging
 + Level 0.8 Stealth


You had 5 spell levels left.
You didn't know any spells.

Dungeon Overview and Level Annotations

Branches:
Dungeon (4/15)
 Temple: D:4-7

Altars:
Okawaru
Yredelemnul


Innate Abilities, Weirdness & Mutations

Your plain brown scales are hard. (AC +6)
You cannot fit into any form of body armour.
You are cold-blooded and may be slowed by cold attacks.
Your tail ends in a poisonous barb.
You can translocate small distances at will.
Your system is resistant to poisons. (rPois)


Message History

You feel sick. The killer bee misses you. The killer bee barely misses you.
The killer bee stings you!
* * * LOW HITPOINT WARNING * * *
You see here a leather armour.
You feel sick.
You feel sick. The killer bee stings you.
* * * LOW HITPOINT WARNING * * *
It was a potion of mutation.
You feel extremely strange.
A poisonous barb forms on the end of your tail.
You feel jittery.
You feel resistant to poisons.
* * * LOW HITPOINT WARNING * * *
You feel sick.
The killer bee stings you but does no damage. x2
The killer bee barely misses you.
Your skin crawls.
You feel resistant to hostile enchantments.
You feel somewhat more hungry.
You feel sick. The killer bee barely misses you.
The killer bee stings you but does no damage.
You feel sick. The killer bee stings you!
You die...

o. ##.## #### ##o# ##.#.## #
#o. ##.###.## # #)# #.## ##.#
## #y# ##.###.## ##. ###o#
##.#.## ##.. ##.#.# #...##
##...
####...o#########....####..รท<
+......o[yyy@...........'....
####....#########....####....
##.#.# #.#.## ##... ###.#
##.### ##.. #.# #..# ##.
...#######.## ## .#.#..8..#.#
# . .#.8_8.#.# # #..8..#.####
##


You could see 3 killer bees, an orc wizard and an orc.

Vanquished Creatures
  The ghost of valak24 the Slasher, an amateur DrBe of Trog (D:4)
  A phantom (D:4)
  A scorpion (D:4)
  An orc priest (D:3)
  An orc wizard (D:4)
  A gnoll (D:1)
  An adder (D:2)
  An ooze (D:4)
  4 worms
  3 dart slugs
  A leopard gecko (D:1)
  17 orcs
  3 giant cockroaches
  3 hobgoblins
  4 jackals
  5 kobolds
  A ball python (D:1)
  12 bats
  4 frilled lizards
  7 goblins
  6 rats
78 creatures vanquished.

Notes
Turn   | Place    | Note
-------+----------+-------------------------------------------
     0 | D:1      | valak24 the Draconian Berserker began the quest for the Orb.
     0 | D:1      | Reached XP level 1. HP: 19/19 MP: 1/1
   144 | D:1      | Reached XP level 2. HP: 21/26 MP: 2/2
   446 | D:1      | Reached ** piety under Trog
   446 | D:1      | Reached XP level 3. HP: 18/33 MP: 3/3
   695 | D:2      | Found a basalt altar of Yredelemnul.
  1228 | D:2      | Found a faded altar of an unknown god.
  1611 | D:3      | Reached skill level 4 in Long Blades
  1611 | D:3      | Reached XP level 4. HP: 23/40 MP: 4/4
  1621 | D:3      | HP: 3/61 [orc/enchanted short sword (2)]
  1621 | D:3      | HP: 1/61 [dart slug/slug dart (2)]
  1939 | D:4      | Noticed a phantom
  1998 | D:4      | Killed a phantom
  1998 | D:4      | Reached XP level 5. HP: 18/47 MP: 5/5
  2313 | D:4      | Noticed valak24's ghost (amateur DrBe)
  2323 | D:4      | Killed valak24's ghost
  2323 | D:4      | Reached skill level 5 in Long Blades
  2323 | D:4      | Reached XP level 6. HP: 41/55 MP: 6/6
  2473 | D:4      | Reached *** piety under Trog
  2494 | D:4      | Reached skill level 6 in Long Blades
  2621 | D:4      | Found an iron altar of Okawaru.
  2736 | D:4      | Gained mutation: Your tail ends in a poisonous barb. [potion of mutation]
  2736 | D:4      | Gained mutation: You can translocate small distances at will. [potion of mutation]
  2736 | D:4      | Gained mutation: Your system is resistant to poisons. (rPois) [potion of mutation]
  2739 | D:4      | Slain by a killer bee

Skill      XL: |  1  2  3  4  5  6 |
---------------+-------------------+-----
Dodging        | 3 |  3.9
Fighting       | 4 |  4.8
Long Blades    | 4 5 6 |  6.1
Stealth        | |  0.8

Action                   |  1- 3 |  4- 6 || total
-------------------------+-------+-------++-------
Melee: Falchion          |   121 |   120 ||   241
       Tailslap          |    11 |    22 ||    33
Invok: Trog's Hand       |     1 |     2 ||     3
       Berserk           |       |     3 ||     3
  Use: Scroll            |     5 |     2 ||     7
       Potion            |     2 |     3 ||     5
 Stab: Sleeping          |       |     1 ||     1
  Eat: Bread ration      |     1 |     1 ||     2
       Chunk             |     1 |       ||     1
Armor: Skin              |    54 |    33 ||    87
Dodge: Dodged            |    99 |   100 ||   199
       Rpst.: Falchion   |    32 |    29 ||    61
